cohdb
Replays
Latest Replays
All Replays
Popular Replays
Top Player Replays
Match Explorer
How It Works
Community
CoH3 Stats
Reddit
Sign in to upload your games and track your stats! →
Sign in with Steam
Match 41484058
Unlisted
Match 41484058
Overview
Messages
Build Orders
End
Kradschützen Motorcycle Team
Panzergrenadier Squad
Selects Panzerjäger Kommand Battlegroup
Selects Mine Fields
Panzergrenadier Squad
250 Light Carrier
Construct Light Support Kompanie
2.5-tonne Medical Truck
Construct Mechanized Kompanie
Support Armor Elements
Selects Early Warning
StuG III D Assault Gun
Veteran Squad Leaders
Marder III Tank Destroyer
Selects Butterfly Bomb Drop
StuG III D Assault Gun
Butterfly Bomb Drop
Assault Mechanized Group
Butterfly Bomb Drop
Pak 38 Anti-tank Gun Team
Selects Tank Busters
Butterfly Bomb Drop
سَۨفُـيٰانۨوٰس
Kilorss
0
0
Comments
sign in to comment!
No comments posted yet!